 Dungeon Crawl Stone Soup version 0.21.1-1-g345015fe64 (webtiles) character file.

1598 Naru the Covered (level 8, -6/54 HPs)
             Began as a Demonspawn Skald on June 9, 2018.
             Was an Initiate of Hepliaklqana.
             Mangled by an ogre
             ... wielding a +0 giant club
              (10 damage)
             ... on level 6 of the Dungeon.
             The game lasted 00:24:46 (6991 turns).

Naru the Covered (Demonspawn Skald)                 Turns: 6991, Time: 00:24:46

Health: -6/54      AC: 11    Str: 14    XL:     8   Next: 62%
Magic:  9/9        EV: 10    Int: 15    God:    Hepliaklqana [......]
Gold:   189        SH:  3    Dex: 10    Spells: 10/11 levels left

rFire    + + .     SeeInvis .   w - +0 whip (freeze)
rCold    . . .     Gourm    +   e - +0 buckler
rNeg     . . .     Faith    .   k - +1 scale mail {rF+}
rPois    .         Spirit   .   (no helmet)
rElec    .         Reflect  .   m - +2 cloak
rCorr    .         Harm     .   (no gloves)
MR       +....                  (no boots)
Stlth    +++.......             t - amulet of the gourmand
HPRegen  0.18/turn              q - ring of protection from fire
MPRegen  0.11/turn              (no ring)

@: hasted, very quick
A: reduced essence, clumsy 1, low mp 1, magic resistance 1, nightstalker 3,
spiny 1
a: Recall Ancestor, Ancestor Identity, Renounce Religion


You were on level 6 of the Dungeon.
You worshipped Hepliaklqana.
Hepliaklqana was noncommittal.
You were not hungry.

You visited 1 branch of the dungeon, and saw 6 of its levels.

You collected 189 gold pieces.

Inventory:

Hand Weapons
 a - a +1 mace
 w - a +0 whip of freezing (weapon)
Missiles
 o - 2 tomahawks (quivered)
Armour
 e - a +0 buckler (worn)
 k - a +1 scale mail of fire resistance (worn)
 m - a +2 cloak (worn)
Jewellery
 q - a ring of protection from fire (left hand)
 t - an amulet of the gourmand (around neck)
Wands
 h - a wand of enslavement (9)
 s - a wand of paralysis (10)
Scrolls
 f - 2 scrolls of remove curse
Potions
 g - a potion of mutation
 i - 3 potions of curing
 j - 2 potions of agility
 r - a potion of brilliance
 u - a potion of heal wounds {unknown}
 v - a potion of flight {unknown}
Books
 c - a book of Battle

   Spells                             Type                      Level
   a - Infusion                       Charms                       1
   b - Shroud of Golubria             Charms/Translocation         2
   c - Song of Slaying                Charms                       2
   d - Spectral Weapon                Hexes/Charms                 3
   e - Regeneration                   Charms/Necromancy            3
 l - a book of Misfortune

   Spells                             Type                      Level
   a - Confusing Touch                Hexes                        1
   b - Confuse                        Hexes                        3
   c - Gell's Gravitas                Translocation                3
   d - Petrify                        Transmutation/Earth          4
   e - Metabolic Englaciation         Hexes/Ice                    5
   f - Yara's Violent Unravelling     Hexes/Transmutation          5
Comestibles
 d - 4 rations


   Skills:
 * Level 4.7 Fighting
 + Level 5.2 Maces & Flails
 + Level 0.1 Throwing
 * Level 5.5 Armour
 * Level 4.1 Dodging
 - Level 0.2 Stealth
 - Level 0.1 Shields
 - Level 2.0 Spellcasting
 * Level 4.4 Charms


You had 10 spell levels left.
You knew the following spells:

 Your Spells              Type           Power        Failure   Level  Hunger
a - Infusion              Chrm           ##..         22%         1    #......


Dungeon Overview and Level Annotations

Branches:
Dungeon (6/15)
 Temple: D:4-7

Altars:
Hepliaklqana
Vehumet
Yredelemnul

Annotations:
D:3 Sigmund


Innate Abilities, Weirdness & Mutations

You are completely attuned to the shadows.
You are partially covered in sharp spines.
Your life essence is reduced to manifest your ancestor. (-10% HP)
You are clumsy. (Dex -2)
Your magical capacity is low. (-10% MP)
You are resistant to hostile enchantments. (MR+)


Message History

The hound is struck by your spines. The hound bites you but does no damage.
You block the ogre's attack.
Tihomir closely misses the iguana.
The iguana hisses menacingly.
The iguana barely misses Tihomir.
The hound is struck by your spines.
You kill the hound!
You completely miss the orc. The orc barely misses you.
The ogre is struck by your spines. The ogre hits you with a giant club!
* * * LOW HITPOINT WARNING * * *
Tihomir hits the iguana.
The iguana bites Tihomir!
Tihomir is destroyed!
The iguana hisses angrily.
An orc priest comes into view. It is wielding a dagger.
Wield which item (- for none, * to show all)? (? for menu, Esc to quit)
Okay, then.
Drop what? 21/52 slots (_ for help) (? for menu, Esc to quit)
Okay, then.
It was a potion of haste.
You feel yourself speed up.
The orc priest shouts!
You block the orc's attack. The ogre hits you with a giant club!
You die...

#..##..#.# #.....##.#
##.#.....## #.#.##...#
#.#.###l.# #.#.# #..##
#...#.#...# ... .....#
##†.#....O## #.. ....#..
#†.#.##..@###.###.#....#
..##)#.....o........#.#..###
≈.##))###.......#†..........
#.............o...# #.#.#..#
#........#.#...######.#.#...
...<....##......# #....#...
#............#..####..#.###.
#.......##..##....##..#...#.
###.##..#..##..##..#....#.#.


You could see an ogre, an iguana, an orc priest and an orc.

Vanquished Creatures
  The ghost of Faustar the Grave Robber, a novice DDNe (D:6)
  A sky beast (D:5)
  A water moccasin (D:6)
  An ogre (D:5)
  A big kobold (D:5)
  A gnoll sergeant (D:6)
  A scorpion (D:6)
  A howler monkey (D:4)
  A bullfrog zombie (D:5)
  2 hounds
  Crazy Yiuf (D:2)
  2 orc priests
  An orc wizard (D:5)
  4 iguanas
  3 worker ants
  A hound skeleton (D:6)
  A worker ant zombie (D:5)
  4 gnolls (D:6)
  6 adders
  An adder skeleton (D:6)
  A worm (D:3)
  A dart slug (D:2)
  A leopard gecko (D:3)
  10 orcs
  8 bats
  3 giant cockroaches
  2 goblins
  10 hobgoblins
  7 frilled lizards
  14 kobolds
  8 rats
100 creatures vanquished.

Vanquished Creatures (collateral kills)
  A phantom (D:6)
  A scorpion (D:6)
  A jelly (D:5)
  An orc wizard (D:5)
  An adder (D:5)
  An ooze (D:5)
  4 orcs (D:5)
  A kobold (D:5)
  A quokka skeleton (D:5)
12 creatures vanquished.

Vanquished Creatures (others)
  2 ancestors (D:6)
  A plant (D:5)
3 creatures vanquished.

Grand Total: 115 creatures vanquished

Notes
Turn   | Place    | Note
-------+----------+-------------------------------------------
     0 | D:1      | Naru the Demonspawn Skald began the quest for the Orb.
     0 | D:1      | Reached XP level 1. HP: 16/16 MP: 3/3
   609 | D:1      | Gained mutation: You are slightly more attuned to the shadows. [demonic ancestry]
   609 | D:1      | Reached XP level 2. HP: 22/22 MP: 5/5
  1212 | D:2      | Reached skill level 1 in Armour
  1212 | D:2      | Gained mutation: You are significantly more attuned to the shadows. [demonic ancestry]
  1212 | D:2      | Reached XP level 3. HP: 26/28 MP: 6/6
  1717 | D:2      | Found a runed door.
  1802 | D:2      | Noticed Crazy Yiuf
  1809 | D:2      | Paralysed by Crazy Yiuf for 3 turns
  1813 | D:2      | Killed Crazy Yiuf
  1813 | D:2      | Gained mutation: You are partially covered in sharp spines. [demonic ancestry]
  1813 | D:2      | Reached XP level 4. HP: 6/34 MP: 4/7
  1824 | D:2      | HP: 1/34 [poisoned by Crazy Yiuf]
  2491 | D:3      | Noticed Sigmund
  2659 | D:3      | Gained mutation: You are completely attuned to the shadows. [demonic ancestry]
  2659 | D:3      | Reached XP level 5. HP: 30/39 MP: 5/8
  3678 | D:4      | Found a basalt altar of Yredelemnul.
  3687 | D:4      | Found a hazy altar of Hepliaklqana.
  3768 | D:4      | Reached XP level 6. HP: 18/47 MP: 7/9
  4281 | D:4      | Became a worshipper of Hepliaklqana the Forgotten
  4342 | D:5      | Entered Level 5 of the Dungeon
  5027 | D:5      | Reached XP level 7. HP: 45/46 MP: 10/10
  5885 | D:6      | Noticed Faustar's ghost (novice DDNe)
  5903 | D:6      | Killed Faustar's ghost
  5903 | D:6      | Reached XP level 8. HP: 29/54 MP: 6/11
  6210 | D:6      | Found a radiant altar of Vehumet.
  6451 | D:6      | Reached skill level 5 in Maces & Flails
  6497 | D:6      | Reached skill level 5 in Armour
  6740 | D:6      | Gained mutation: You are clumsy. (Dex -2) [potion of mutation]
  6740 | D:6      | Gained mutation: Your magical capacity is low. (-10% MP) [potion of mutation]
  6740 | D:6      | Gained mutation: You are resistant to hostile enchantments. (MR+) [potion of mutation]
  6991 | D:6      | Mangled by an ogre

Skill      XL: |  1  2  3  4  5  6  7  8 |
---------------+-------------------------+-----
Maces & Flails | 2 3 4 5 |  5.2
Dodging        | 2 3 4 |  4.1
Armour         | 1 2 3 4 5 |  5.5
Charms         | 3 4 |  4.4
Fighting       | 3 4 |  4.7
Throwing       | |  0.1
Stealth        | |  0.2
Shields        | |  0.1
Spellcasting   | |  2.0

Action                   |  1- 3 |  4- 6 |  7- 9 || total
-------------------------+-------+-------+-------++-------
Melee: Mace              |   101 |   111 |    50 ||   262
       Whip              |       |       |    77 ||    77
Throw: Tomahawk          |       |       |     1 ||     1
 Cast: Infusion          |     5 |    14 |    10 ||    29
Invok: Ancestor Identity |       |     1 |       ||     1
  Use: Scroll            |     3 |     6 |     1 ||    10
       Potion            |       |       |     5 ||     5
 Stab: Sleeping          |     3 |     5 |     1 ||     9
       Distracted        |       |       |     4 ||     4
  Eat: Ration            |     1 |     3 |     2 ||     6
Armor: Leather armour    |    42 |    14 |       ||    56
       Scale mail        |       |    29 |    40 ||    69
Dodge: Dodged            |    69 |    54 |    57 ||   180
Block: Buckler           |    19 |    18 |    18 ||    55
